 Dungeon Crawl Stone Soup version 0.23-a0-338-g8ff0b24 (webtiles) character file.

944 MisterFreud the Slinger (level 8, -6/49 HPs)
             Began as a Halfling Hunter on Oct 18, 2018.
             Was a Priest of Ru.
             Mangled by a phantom (9 damage)
             ... on level 5 of the Dungeon.
             The game lasted 00:12:59 (4436 turns).

MisterFreud the Slinger (Halfling Hunter)           Turns: 4436, Time: 00:13:00

Health: -6/49      AC:  3    Str: 13    XL:     8   Next: 35%
Magic:  8/8        EV: 14    Int:  9    God:    Ru [***...]
Gold:   317        SH:  0    Dex: 17    Spells: 7/7 levels left

rFire    . . .     SeeInvis +   b - +3 short sword
rCold    . . .     Gourm    .   (shield unavailable)
rNeg     . . .     Faith    .   c - +0 leather armour
rPois    .         Spirit   .   (no helmet)
rElec    .         Reflect  .   (no cloak)
rCorr    .         Harm     .   (no gloves)
MR       .....                  (no boots)
Stlth    +++.......             (no amulet)
HPRegen  0.16/turn              (ring unavailable)
MPRegen  0.11/turn              j - ring of see invisible

@: hasted, very quick
A: small, mutation resistance 1, missing a hand
a: Draw Out Power, Renounce Religion


You were on level 5 of the Dungeon.
You worshipped Ru.
Ru was most pleased with you.
You were hungry.

You visited 1 branch of the dungeon, and saw 5 of its levels.

You collected 317 gold pieces.

Inventory:

Hand Weapons
 a - a +2 hunting sling
 b - a +3 short sword (weapon)
Missiles
 k - 19 stones (quivered)
Armour
 c - a +0 leather armour (worn)
Jewellery
 h - an uncursed ring of ice
 j - a ring of see invisible (right hand)
Scrolls
 m - a scroll of identify
 r - a scroll of teleportation
 s - a scroll of fear
 u - a scroll of blinking
Potions
 e - a potion of flight
 g - a potion of degeneration
 i - a potion of berserk rage {unknown}
 l - 3 potions of haste
 p - a potion of brilliance
 t - a potion of resistance
Comestibles
 d - a chunk of flesh
 f - 7 rations


   Skills:
 - Level 1.7 Fighting
 + Level 5.7 Short Blades
 - Level 10.0 Slings
 - Level 2.1 Dodging
 + Level 5.9 Stealth


You had 7 spell levels left.
You didn't know any spells.
Your spell library was empty.

Dungeon Overview and Level Annotations

Branches:
Dungeon (5/15)             Temple (0/1) D:4

Altars:
Ashenzari
Kikubaaqudgha
Ru

Annotations:
D:5 Prince Ribbit


Innate Abilities, Weirdness & Mutations

You are small and have problems with some larger weapons.
You are somewhat resistant to further mutation.
You are missing a hand.


Message History

You hit Prince Ribbit.
Prince Ribbit is heavily wounded.
Prince Ribbit hits you!
* * * LOW HITPOINT WARNING * * *
You puncture Prince Ribbit!
Prince Ribbit is severely wounded.
You puncture Prince Ribbit!
Prince Ribbit is almost dead.
The phantom begins to attack, but is stunned by your will!
Prince Ribbit hits you.
* * * LOW HITPOINT WARNING * * *
You closely miss Prince Ribbit.
Prince Ribbit is almost dead.
Prince Ribbit croaks regally.
Prince Ribbit blinks!
Prince Ribbit begins to cast a spell, but is stunned by your will!
You hit the phantom.
The phantom is heavily damaged.
The phantom hits you!
You die...

.#.# .
#≈≈≈≈≈(≈≈≈≈≈(.
.#.#
##.≈≈≈≈F≈≈.#..
)#..
.##≈≈.≈≈##...
.##. (# ..+.. (
<##.. (# )#
###(#### .#
#(W(...# .+ #@#
.# #.# .# #.#
##
#######.######
#..............
#.#####.#######
#.# #.# #.# #.#
#.# #.#


You could see Prince Ribbit and a phantom.

Vanquished Creatures
  Sigmund (D:2)
  A phantom (D:4)
  3 crimson imps (D:5)
  2 hounds
  6 orc wizards
  A bullfrog skeleton (D:5)
  5 worker ants
  4 gnolls (D:4)
  7 adders
  A shadow imp (D:3)
  An ooze (D:2)
  An adder zombie (D:4)
  3 worms
  7 dart slugs (D:5)
  3 leopard geckos
  15 orcs
  4 bats
  3 giant cockroaches (D:4)
  5 goblins
  5 hobgoblins
  5 quokkas
  A ball python (D:3)
  A ball python skeleton (D:4)
  3 frilled lizards
  5 kobolds
  5 rats
98 creatures vanquished.

Notes
Turn   | Place    | Note
-------+----------+-------------------------------------------
     0 | D:1      | MisterFreud the Halfling Hunter began the quest for the
                  | Orb.
     0 | D:1      | Reached XP level 1. HP: 14/14 MP: 1/1
    45 | D:1      | Reached skill level 6 in Slings
   131 | D:1      | Reached XP level 2. HP: 19/19 MP: 2/2
   564 | D:2      | Noticed Sigmund
   661 | D:2      | Found a sacrificial altar of Ru.
   841 | D:2      | Became a worshipper of Ru the Awakened
   866 | D:2      | Reached skill level 7 in Slings
   866 | D:2      | Reached XP level 3. HP: 24/24 MP: 3/3
  1007 | D:2      | Killed Sigmund
  1007 | D:2      | Reached skill level 9 in Slings
  1007 | D:2      | Reached XP level 4. HP: 21/29 MP: 4/4
  1007 | D:2      | Reached XP level 5. HP: 25/34 MP: 5/5
  1228 | D:3      | Reached XP level 6. HP: 19/39 MP: 6/6
  1552 | D:3      | Reached skill level 1 in Short Blades
  1901 | D:3      | Reached skill level 10 in Slings
  2497 | D:4      | Gained mutation: You are missing a hand. [Ru sacrifice]
  2497 | D:4      | Reached * piety under Ru
  2497 | D:4      | Reached ** piety under Ru
  2497 | D:4      | Reached *** piety under Ru
  2519 | D:4      | Reached XP level 7. HP: 44/44 MP: 7/7
  2626 | D:4      | Found an ancient bone altar of Kikubaaqudgha.
  2894 | D:4      | HP: 1/44 [orc wizard/puff of flame (9)]
  3363 | D:4      | HP: 2/44 [poisoned by a gnoll]
  3656 | D:4      | Found a shattered altar of Ashenzari.
  3856 | D:4      | Reached XP level 8. HP: 49/49 MP: 8/8
  3874 | D:4      | Found a staircase to the Ecumenical Temple.
  3921 | D:5      | Entered Level 5 of the Dungeon
  3955 | D:5      | Reached skill level 5 in Stealth
  4000 | D:5      | Reached skill level 5 in Short Blades
  4128 | D:5      | Noticed Prince Ribbit
  4436 | D:5      | Mangled by a phantom

Vault maps used:
D:1:      minmay_arrival_diagonal_passages
D:2:      nicolae_ru_awakened_eye, kennysheep_potato, uniq_sigmund
D:3:      first_ration, due_unseen_surprise
D:4:      evilmike_ruin_ashenzari, kiku_gazebo_pond_becter,
          minmay_temple_entry_poolview
D:5:      kennysheep_slugbush, uniq_prince_ribbit1

Skill      XL: |  1  2  3  4  5  6  7  8 |
---------------+-------------------------+-----
Slings         | 6 7 9 10 | 10.0
Short Blades   | 2 4 5 |  5.7
Stealth        | 3 4 5 |  5.9
Fighting       | |  1.7
Dodging        | |  2.1

Action                   |  1- 3 |  4- 6 |  7- 9 || total
-------------------------+-------+-------+-------++-------
Melee: Short sword       |    58 |    60 |    42 ||   160
 Fire: Hunting sling     |    28 |   107 |   234 ||   369
Invok: Sacrifice a Hand  |       |     1 |       ||     1
  Use: Scroll            |     8 |       |     7 ||    15
       Potion            |       |     1 |     3 ||     4
 Stab: Invisible         |       |       |     1 ||     1
  Eat: Chunk             |       |     4 |     6 ||    10
Armor: Leather armour    |    17 |    10 |    10 ||    37
       Skin              |       |     8 |       ||     8
Dodge: Dodged            |    63 |    68 |    50 ||   181

Table legend:
 A = Non-vault XP
 B = Vault XP
 C = Vault XP percentage of total XP
 D = Non-vault monster count
 E = Vault monster count
 F = Vault count percentage of total count
                 A         B        C        D         E       F
            +---------+---------+-------+---------+---------+-------
      Total |    1094 |     255 |  18.9 |      90 |       8 |   8.2
            +---------+---------+-------+---------+---------+-------
        D:1 |      19 |       0 |   0.0 |      11 |       0 |   0.0
        D:2 |      18 |     227 |  92.7 |       6 |       1 |  14.3
        D:3 |     232 |       0 |   0.0 |      37 |       0 |   0.0
        D:4 |     516 |       0 |   0.0 |      25 |       0 |   0.0
        D:5 |     309 |      28 |   8.3 |      11 |       7 |  38.9
            +---------+---------+-------+---------+---------+-------
